 Dungeon Crawl Stone Soup version 0.30-a0-140-gd1020e658a (webtiles) character file.

Game seed: 12486256124815645628

98 Decritt the Shooter (level 4, 0/23 HPs)
             Began as a Spriggan Hunter on Sept 24, 2022.
             Slain by Grinder (7 damage)
             ... on level 4 of the Dungeon.
             The game lasted 00:04:32 (3413 turns).

Decritt the Shooter (Spriggan Hunter)               Turns: 3413, Time: 00:04:33

Health: 0/23       AC:  2    Str:  7    XL:     4   Next: 44%
Magic:  5/5        EV: 19    Int: 10    God:
Gold:   188        SH:  0    Dex: 20    Spells: 3/3 levels left

rFire   . . .      SeeInvis +    a - +0 shortbow
rCold   . . .      Faith    .    (shield currently unavailable)
rNeg    . . .      Spirit   .    c - +0 robe
rPois   .          Reflect  .    (helmet restricted)
rElec   .          Harm     .    (no cloak)
rCorr   .          Rampage  .    (gloves unavailable)
Will    .....                    (boots unavailable)
Stlth   ++........               (no amulet)
HPRegen 0.07/turn                (no ring)
MPRegen 0.09/turn                (no ring)

@: very quick
A: very small, no large weapons, unfitting armour, see invisible, speed 3
a: no special abilities


You were on level 4 of the Dungeon.
You visited 1 branch of the dungeon, and saw 4 of its levels.

You collected 188 gold pieces.

Inventory:

Hand Weapons
 a - a +0 shortbow (weapon)
Armour
 c - a +0 robe (worn)
Scrolls
 b - 2 scrolls of immolation
 e - 6 scrolls of identify {unknown}
 f - a scroll of magic mapping {unknown}
 g - a scroll of butterflies {unknown}
 j - a scroll of teleportation {unknown}
 k - a scroll of vulnerability {unknown}
Potions
 d - 2 potions of heal wounds {unknown}
 h - 3 potions of haste {unknown}
 i - 2 potions of flight {unknown}
 l - a potion of curing {unknown}
 m - 2 potions of brilliance {unknown}
 n - a potion of attraction {unknown}
 p - a potion of might {unknown}


   Skills:
 * Level 2.4 Fighting
 * Level 4.9 Ranged Weapons
 + Level 3.6 Dodging
 + Level 2.2 Stealth


You had 3 spell levels left.
You didn't know any spells.
Your spell library contained the following spells:

 Spells                   Type           Power      Damage    Failure   Level
 Gell's Gravitas          Tloc           0%         N/A       75%         3
 Lesser Beckoning         Tloc           0%         N/A       75%         3
 Teleport Other           Tloc           0%         N/A       75%         3


Dungeon Overview and Level Annotations

Branches:
Dungeon (4/15)
 Temple: D:4-7

Altars:
Kikubaaqudgha

Annotations:
D:3 3 runed translucent doors, Colgate's ghost, amateur OpTm; Voker57's ghost, amateur DsGl; Zero's ghost, amateur DECj
D:4 Blork the orc; Grinder


Innate Abilities, Weirdness & Mutations

You are very small and have problems with some larger weapons.
You are too small for most types of armour.
You have supernaturally acute eyesight. (SInv)
You cover ground extremely quickly. (Speed+++)


Message History

There is a stone staircase leading down here.
You climb downwards.
Level annotation: Blork the orc
There is a stone staircase leading up, spattered with blood here.
You now have 181 gold pieces (gained 15).
You see here a +0 leather armour.
Found 8 stones.
You see here a +3 hand axe.
You see here a +3 hand axe.
You see here 8 stones.
You now have 188 gold pieces (gained 7).
Grinder comes into view.
You shoot an arrow. The arrow hits Grinder!
Grinder shouts!
Grinder is moderately wounded.
You shoot an arrow. The arrow hits Grinder!
Grinder is moderately wounded.
Grinder says, "Just stop there for a second..."
You shoot an arrow. The arrow completely misses Grinder.
Grinder completely misses you.
You shoot an arrow.
The arrow hits Grinder but does no damage.
Grinder is moderately wounded.
Grinder gestures at you.
You struggle to resist.
You shoot an arrow. The arrow barely misses Grinder.
Grinder blinks!
Grinder hits you.
You writhe in agony.
You shoot an arrow. The arrow barely misses Grinder.
You hear a shout!
Grinder completely misses you.
Grinder blinks!
You shoot an arrow. The arrow hits Blork the orc.
Blork the orc is lightly wounded.
Grinder gestures at you. You resist with some effort.
Blork the orc casts a spell at you. The puff of frost hits you!
* * * LOW HITPOINT WARNING * * *
Grinder hits you!
You die...

#.########## #.# .#
#..........# #.## .
#.########.# ##.. #.#
#.# .... #.# #.# #..#
#.# #.# #..#
#.########.#####..#
#..............5..#
#..########.####@#####
.........##.# #...o..#
#.....).....###..###.#
##.###...........# .#
#.# ##..........# .#
#.# ##.######### ..
##.#####.# .#
.......#.# .. ##.###.#
# ##


You could see Grinder and Blork the orc.

Vanquished Creatures
  An iguana (D:3)
  A worm (D:2)
  5 orcs (D:3)
  3 ball pythons (D:1)
  7 endoplasms
  2 giant cockroaches (D:1)
  7 goblins
  6 hobgoblins
  4 jackals (D:3)
  9 bats
  9 frilled lizards
  5 kobolds
  2 rats
61 creatures vanquished.

Notes
Turn   | Place    | Note
-------+----------+-------------------------------------------
     0 | D:1      | Decritt the Spriggan Hunter began the quest for the Orb.
     0 | D:1      | Reached XP level 1. HP: 10/10 MP: 2/2
    68 | D:1      | Reached XP level 2. HP: 15/15 MP: 3/3
   375 | D:1      | Reached XP level 3. HP: 17/18 MP: 4/4
   801 | D:2      | Found an ancient bone altar of Kikubaaqudgha.
  1624 | D:3      | Found a runed translucent gate.
  1625 | D:3      | Found a runed translucent gate.
  1832 | D:3      | Found a runed translucent gate.
  1867 | D:3      | Reached XP level 4. HP: 23/23 MP: 5/5
  1894 | D:3      | Identified the +10 hand axe "Las Err" {vorpal, Fragile Fly
                  | rN+++ Stlth-}
  2064 | D:3      | Noticed Voker57's ghost (amateur DsGl)
  2065 | D:3      | Noticed Colgate's ghost (amateur OpTm)
  2065 | D:3      | Noticed Zero's ghost (amateur DECj)
  2478 | D:4      | Noticed Blork the orc
  2483 | D:4      | Noticed an ogre
  3400 | D:4      | Noticed Grinder
  3413 | D:4      | Slain by Grinder

Illustrated notes

Levels and vault maps discovered:
D:1:      tarquinn_simple_flora_water_c, layout_basic, minmay_pentomino_u4
D:2:      layout_basic, basic_altar
D:3:      layout_basic, gammafunk_ghost_cemetery
D:4:      layout_loops_ring, temple_doors_ab, kennysheep_doodads,
          roderic_batcave, kennysheep_generic_room_3, uniq_eustachio,
          uniq_grinder, uniq_sigmund, uniq_blork_the_orc

Skill      XL: |  1  2  3 |
---------------+----------+-----
Dodging        | 3 |  3.6
Fighting       | 2 |  2.4
Stealth        | 2 |  2.2
Ranged Weapons | |  4.9

Action                   |  1- 3 |  4- 6 || total
-------------------------+-------+-------++-------
Melee: Hand axe          |       |     5 ||     5
 Fire: Shortbow          |   149 |    19 ||   168
Armor: Robe              |    16 |       ||    16
Dodge: Dodged            |    98 |     9 ||   107

Table legend: (Time is in decaauts)
 A = Elapsed time spent in this place.
 B = Non-inter-level travel time spent in this place.
 C = Inter-level travel time spent in this place.
 D = Time resting spent in this place.
 E = Time spent auto-exploring this place.
 F = Levels seen in this place.
 G = Mean time per level.
                   A        B        C        D        E       F      G
               +--------+--------+--------+--------+--------+-----+--------+
         Total |   2576 |   2505 |     71 |    728 |   1403 |   4 |  644.0 |
       Dungeon |   2576 |   2505 |     71 |    728 |   1403 |   4 |  644.0 |
               +--------+--------+--------+--------+--------+-----+--------+

Top non-repeatable levels by time:
     D:3: 1620 daAuts
     D:1: 478 daAuts
     D:2: 349 daAuts
     D:4: 128 daAuts
